Map: Sanctuary III LE

Players

NoLJeriko - Winner!

  • Race: Zerg Zerg
  • League: Grandmaster
  • Spawn Location: 7:00

RipNHammer

  • Race: Terran Terran
  • League: Master
  • Spawn Location: 1:00

VOD

Have the link to the VOD?

Description

Time

  • Played on: Sept. 6, 2026, 9:16 a.m.
  • Length: 10:13
Show
View Real Time Build Order
Export as new Build Order

NoLJeriko Zerg - Winner!

Build Orders: Hatch First 

Get SALT Encoding   

  8  0:01  Drone  
  9  0:11  Drone  
  10  0:16  Drone  
  11  0:22  Drone  
  12  0:30  Extractor, Drone  
  13  0:38  Overlord  
  13  0:57  Drone x2  
  15  1:13  Hatchery  
  15  1:15  Drone  
  15  1:18  Drone  
  15  1:22  Drone  
  17  1:38  Spawning Pool  
  16  1:41  Extractor, Drone  
  16  1:45  Drone  
  17  1:50  Drone  
  18  2:03  Drone  
  19  2:10  Overlord  
  19  2:25  Queen x2  
  19  2:26  Zergling x2  
  19  2:28  Zergling x2  
  25  2:31  Drone  
  25  2:35  Drone  
  27  2:44  Metabolic Boost  
  27  2:48  Drone x2  
  29  2:57  Overlord  
  29  3:16  Hatchery  
  29  3:17  Drone x3  
  31  3:22  Drone x2  
  33  3:29  Drone x2  
  35  3:36  Drone x4  
  35  3:39  Overlord  
  39  3:46  Overlord  
  39  3:55  Overlord  
  39  4:00  Zergling x4  
  41  4:06  Zergling x6  
  44  4:10  Drone x4, Extractor  
  44  4:11  Queen, Extractor  
  48  4:25  Zergling x6  
  48  4:30  Lair  
  51  4:33  Zergling x6  
  51  4:34  Zergling x2  
  55  4:38  Zergling x4  
  55  4:39  Drone  
  55  4:40  Drone x2  
  60  4:49  Overlord x2  
  60  4:53  Evolution Chamber  
  60  4:55  Evolution Chamber  
  60  4:57  Drone x2  
  53  5:08  Zergling x10  
  53  5:10  Zergling x2  
  57  5:18  Roach Warren  
  54  5:34  Queen  
  51  5:36  Zerg Missile Weapons Level 1  
  51  5:39  Drone x2  
  51  5:41  Spore Crawler  
  52  5:46  Zerg Ground Armor Level 1  
  52  5:58  Roach x8  
  52  5:59  Glial Reconstitution  
  68  6:08  Spore Crawler  
  67  6:16  Roach x5  
  68  6:38  Roach x5  
  73  6:57  Roach x5  
  81  7:08  Roach  
  71  7:39  Roach, Zergling x4  
  71  7:40  Zergling x8  
  74  7:48  Zergling x14  
  81  7:51  Drone  
  81  7:52  Drone x2  
  76  8:09  Drone x3  
  76  8:10  Drone x4  
  77  8:14  Drone  
  60  8:38  Drone x6  
  56  9:04  Spire  
  56  9:05  Drone x4  
  56  9:06  Drone x5  
  56  9:07  Extractor  
  59  9:29  Drone  
  59  9:30  Drone x6  
  66  9:38  Overseer  
  66  9:40  Extractor  
  66  9:42  Spore Crawler  
  60  10:02  Spore Crawler, Extractor  
Show
View Real Time Build Order
Export as new Build Order

RipNHammer Terran 

Build Orders: Reaper Expand, Hellion Banshee, Mech 

Get SALT Encoding   

  8  0:00  SCV  
  9  0:12  SCV  
  10  0:24  SCV  
  11  0:36  SCV  
  11  0:39  Supply Depot  
  12  0:49  SCV  
  13  0:54  Refinery  
  13  1:01  SCV  
  14  1:06  Barracks  
  14  1:13  SCV  
  15  1:25  SCV  
  16  1:37  SCV  
  17  1:53  Reaper, Orbital Command  
  18  2:12  Command Center  
  18  2:19  SCV  
  19  2:27  Factory  
  19  2:31  SCV  
  19  2:32  Barracks Reactor  
  20  2:38  Refinery  
  20  2:48  Supply Depot  
  20  2:49  SCV  
  21  3:09  SCV  
  22  3:15  Starport  
  22  3:19  Hellion x2  
  25  3:21  SCV  
  25  3:25  Orbital Command  
  26  3:30  Barracks Tech Lab  
  26  3:33  SCV  
  27  3:41  Hellion  
  29  3:44  Hellion  
  29  3:46  SCV  
  32  3:55  SCV  
  33  3:59  Banshee  
  33  4:01  Cloaking Field  
  36  4:05  SCV  
  39  4:10  Hellion  
  39  4:13  Hellion  
  41  4:21  SCV  
  42  4:25  Supply Depot  
  42  4:38  Supply Depot  
  42  4:46  Banshee, SCV  
  46  4:53  Command Center  
  46  4:54  SCV  
  46  4:59  Supply Depot  
  47  5:00  SCV  
  47  5:06  SCV  
  49  5:12  SCV  
  47  5:15  Hellion x2  
  47  5:18  SCV  
  51  5:34  SCV x2  
  51  5:46  SCV x2  
  53  5:51  Factory  
  53  5:52  Refinery  
  53  5:53  Supply Depot  
  53  5:55  Factory, Refinery  
  53  5:58  SCV x2  
  53  6:00  Hellion  
  57  6:10  Supply Depot, SCV  
  58  6:15  SCV, Hellion  
  61  6:22  SCV  
  58  6:27  SCV  
  49  6:47  SCV  
  49  6:48  SCV  
  49  6:49  Siege Tank, Factory Tech Lab  
  49  6:52  Widow Mine x2  
  58  6:59  SCV  
  58  7:00  SCV  
  55  7:12  SCV  
  55  7:13  Hellion, Widow Mine  
  59  7:21  Siege Tank x2  
  59  7:26  SCV  
  55  7:34  SCV, Widow Mine  
  49  7:37  Supply Depot  
  39  7:44  SCV  
  39  7:46  SCV  
  30  7:51  Hellion  
  30  7:53  Siege Tank  
  30  7:56  SCV  
  28  7:58  SCV  
  21  8:08  SCV  
  21  8:10  SCV  
  19  8:17  Siege Tank  
  17  8:20  SCV  
  17  8:33  SCV  
  7  9:06  SCV  
  8  9:18  SCV  
  9  9:30  SCV  
  10  9:39  SCV  
  10  9:43  SCV  
  10  9:55  SCV  
Tags
 
Add a new tag
Caveats
  • Supply blocks, unpowered buildings, or Contaminate may cause inaccurate times.
  • Supply counts are checked every 10 seconds.